 Dungeon Crawl Stone Soup version 0.27-a0-633-gc6addc0a40 (webtiles) character file.

Game seed: 9604032871776219762

520 sahdkjhfkaj the Chopper (level 7, -9/60 HPs)
             Began as a Palentonga Fighter on Mar 13, 2021.
             Was an Initiate of Cheibriados.
             Mangled by an orc
             ... wielding a +2 short sword of electrocution
              (20 damage)
             ... on level 4 of the Dungeon.
             The game lasted 00:03:02 (3074 turns).

sahdkjhfkaj the Chopper (Palentonga Fighter)        Turns: 3074, Time: 00:03:03

Health: -9/60      AC: 19    Str: 22    XL:     7   Next: 1%
Magic:  7/7        EV: -1    Int: 10    God:    Cheibriados [......]
Gold:   162        SH:  9    Dex: 10    Spells: 6/6 levels left

rFire    + . .     SeeInvis +   a - +0 war axe
rCold    + . .     Faith    .   c - +0 kite shield
rNeg     . . .     Spirit   .   m - +2 gold dragon scales
rPois    +         Reflect  .   (no helmet)
rElec    .         Harm     .   (no cloak)
rCorr    .         Rampage  .   (no gloves)
Will     .....                  (no barding)
Stlth    ..........             (no amulet)
HPRegen  0.20/turn              (no ring)
MPRegen  0.10/turn              (no ring)

@: curled up, very slow
A: large, rugged brown scales 3, see invisible, deformed body, roll 1, armoured
tail, reflexive curl
a: Rolling Charge, Renounce Religion, Bend Time


You were on level 4 of the Dungeon.
You worshipped Cheibriados.
Cheibriados was noncommittal.
You visited 2 branches of the dungeon, and saw 5 of its levels.

You collected 162 gold pieces.

Inventory:

Hand Weapons
 a - a +0 war axe (weapon)
Armour
 c - a +0 kite shield (worn)
 m - +2 gold dragon scales (worn)
Wands
 d - a wand of flame (12)
 n - a wand of random effects (18)
Scrolls
 e - a scroll of identify {unknown}
 g - a scroll of amnesia {unknown}
 h - a scroll of magic mapping {unknown}
 k - 2 scrolls of teleportation {unknown}
 l - a scroll of blinking {unknown}
Potions
 b - 3 potions of brilliance {unknown}
 f - a potion of curing
 i - a potion of lignification {unknown}


   Skills:
 - Level 3.0 Fighting
 + Level 7.6 Axes
 - Level 2.5 Armour
 - Level 2.4 Shields


You had 6 spell levels left.
You didn't know any spells.
Your spell library was empty.

Dungeon Overview and Level Annotations

Branches:
Dungeon (4/15)             Temple (1/1) D:4

Altars:
Cheibriados
Dithmenos
Elyvilon
Fedhas
Gozag
Hepliaklqana
Kikubaaqudgha
Okawaru
Qazlal
Ru
Sif Muna
Trog
Vehumet
Wu Jian
Yredelemnul
Zin


Innate Abilities, Weirdness & Mutations

You are completely covered in rugged brown scales. (AC +3, +7% HP)
You have supernaturally acute eyesight. (SInv)
Armour fits poorly on your strangely shaped body.
You can roll at nearby foes to attack.
You have a long armoured tail.
You curl defensively after being hit.


Message History

The orc wizard hits you but does no damage.
The orc priest invokes the aid of Beogh against you.
Beogh smites you!
The orc priest hits you but does no damage.
The orc hits you but does no damage.
You are electrocuted!
You slash the orc priest!
Your tail-slap misses the orc priest.
The orc priest is almost dead.
You closely miss the orc. You hit the orc but do no damage.
You closely miss the orc wizard.
The orc priest hits the bush with a +0 dagger.
The orc wizard completely misses you.
The orc priest calls upon Beogh to heal the orc.
The orc's wounds heal themselves!
The orc hits you but does no damage. x2
The orc priest hits the bush but does no damage.
The orc wizard hits you with a +0 dagger.
You closely miss the orc wizard.
The orc wizard is moderately wounded.
Your gold dragon scales prevents you from hitting the orc.
You closely miss the orc. You closely miss the orc priest.
The orc priest hits you but does no damage.
The orc priest invokes the aid of Beogh against you.
Beogh smites you!
The orc hits you with a +2 short sword of electrocution.
* * * LOW HITPOINT WARNING * * *
You are electrocuted!
* * * LOW HITPOINT WARNING * * *
The orc hits you but does no damage.
The orc wizard hits you but does no damage.
The orc priest hits the bush but does no damage.
The orc priest miscasts a cantrip.
Okay, then.
Okay, then.
You feel better. The orc hits you but does no damage. x2
The orc priest hits the bush with a +0 dagger.
You block the orc wizard's attack.
The orc priest invokes the aid of Beogh against you.
Beogh smites you!
* * * LOW HITPOINT WARNING * * *
You feel better. The orc hits you but does no damage.
You are electrocuted!!
You die... .. .(P........ ..P♣oP....... ..PPPP...... ...$........... . ....8......... .. ............. ... #.
PPP...PPPPo.#

....
....PP.P$..P.♣Po@#.....
#...P.PP...P♣PPooo.##..
.(...PPP...PPP..)......
#............†[..<......
........................
....###...##.##........♣
......##.###.##.........
.........###..###......♣
..†..†....#... ......


You could see 3 orc priests, an orc wizard (invisible) and 2 orcs.

Vanquished Creatures
  Sigmund (D:3)
  A water moccasin skeleton (D:4)
  Natasha (thrice) (D:3)
  2 orc wizards
  2 worker ants
  A gnoll (D:1)
  5 adders
  3 oozes
  An adder skeleton (D:4)
  A worm (D:4)
  A dart slug (D:4)
  4 leopard geckos
  9 orcs
  8 bats
  3 giant cockroaches
  5 hobgoblins
  2 jackals (D:3)
  2 ball pythons
  4 frilled lizards
  6 goblins
  6 kobolds
  8 rats
78 creatures vanquished.

Vanquished Creatures (others)
  8 plants (D:2)
8 creatures vanquished.

Grand Total: 86 creatures vanquished

Notes
Turn   | Place    | Note
-------+----------+-------------------------------------------
     0 | D:1      | sahdkjhfkaj the Palentonga Fighter began the quest for the
                  | Orb.
     0 | D:1      | Reached XP level 1. HP: 20/20 MP: 1/1
   116 | D:1      | Reached XP level 2. HP: 27/27 MP: 2/2
   170 | D:1      | Reached skill level 3 in Axes
   381 | D:1      | Reached XP level 3. HP: 33/33 MP: 3/3
   906 | D:2      | Reached skill level 4 in Axes
  1154 | D:2      | Reached XP level 4. HP: 38/40 MP: 4/4
  1786 | D:3      | Reached skill level 5 in Axes
  1884 | D:3      | Reached XP level 5. HP: 45/48 MP: 5/5
  1893 | D:3      | Noticed Natasha
  1907 | D:3      | Killed Natasha
  1913 | D:3      | Noticed Natasha
  1924 | D:3      | Killed Natasha
  2061 | D:3      | Noticed Natasha
  2083 | D:3      | Killed Natasha
  2084 | D:3      | Reached skill level 6 in Axes
  2336 | D:3      | Noticed Sigmund
  2362 | D:3      | Killed Sigmund
  2363 | D:3      | Reached skill level 7 in Axes
  2363 | D:3      | Reached XP level 6. HP: 30/54 MP: 6/6
  2727 | D:4      | Found a staircase to the Ecumenical Temple.
  2736 | Temple   | Entered the Ecumenical Temple
  2933 | Temple   | Became a worshipper of Cheibriados the Contemplative
  3065 | D:4      | Gained mutation: You curl defensively after being hit.
                  | [Palentonga growth]
  3065 | D:4      | Reached XP level 7. HP: 42/60 MP: 7/7
  3074 | D:4      | Mangled by an orc

Illustrated notes

Levels and vault maps discovered:
D:1:      scummos_arrival_checkerplants, layout_loops_cross
D:2:      layout_basic, tso_altar, serial_bayou_lake_a
D:3:      layout_rooms, uniq_sigmund, uniq_natasha
D:4:      layout_cave_pools, minmay_temple_entry_water_ring, serial_park,
          serial_park_tiny_1, serial_park_square2, serial_park_gazebo
          [serial_park_minivault_5x5_2], serial_shops, shop,
          makhleb_blood_cavern_becter
Temple:   eino_temple_rhombus

Skill      XL: |  1  2  3  4  5 |
---------------+----------------+-----
Axes           | 3 4 5 7 |  7.6
Fighting       | |  3.0
Armour         | |  2.5
Shields        | |  2.4

Action                   |  1- 3 |  4- 6 |  7- 9 || total
-------------------------+-------+-------+-------++-------
Melee: War axe           |    87 |   133 |     6 ||   226
       Tailslap          |    10 |    23 |     1 ||    34
 Abil: Rolling Charge    |    28 |    25 |       ||    53
  Use: Scroll            |     2 |       |       ||     2
       Potion            |       |     2 |     4 ||     6
Armor: Scale mail        |    43 |       |       ||    43
       Gold dragon scale |    12 |   126 |    12 ||   150
Dodge: Dodged            |    14 |     3 |     1 ||    18
Block: Kite shield       |    41 |    83 |     5 ||   129

Table legend: (Time is in decaauts)
 A = Elapsed time spent in this place.
 B = Non-inter-level travel time spent in this place.
 C = Inter-level travel time spent in this place.
 D = Time resting spent in this place.
 E = Time spent auto-exploring this place.
 F = Levels seen in this place.
 G = Mean time per level.
                   A        B        C        D        E       F      G
               +--------+--------+--------+--------+--------+-----+--------+
         Total |   3235 |   3126 |    109 |      0 |   2640 |   5 |  647.0 |
       Dungeon |   3030 |   2945 |     85 |      0 |   2461 |   4 |  757.5 |
        Temple |    205 |    181 |     24 |      0 |    179 |   1 |  205.0 |
               +--------+--------+--------+--------+--------+-----+--------+

Top non-repeatable levels by time:
     D:3: 1050 daAuts
     D:1: 939 daAuts
     D:2: 865 daAuts
  Temple: 205 daAuts
     D:4: 174 daAuts
